AoeStats
← Caramiiel

Arabia

508463831Analyzed
1v1 RM · 9d ago on Sep 22, 2026· 39m 30s· 2 players
Game mode
Random Map
Map size
Tiny (2 player)
Population
200
Speed
Normal
Resources
Standard
Victory
Conquest
Starting age
Dark Age
Ending age
Imperial Age
RankedLock teamsTeams togetherTeam positionsShared explorationLock speedFull tech treeHidden civsTurbo modeCheats
Victory
Defeat
🇲🇽 Mongols · Mexico
1002
+15
🇫🇷 Franks · France
972
-15
Caramiiel
4:17 Loom
13:46 Feudal Age
14:13 Double-Bit Axe
15:33 Wheelbarrow
22:49 Scale Mail Armor
28:53 Castle Age
27:26 Forging
adrian_182s
5:22 Loom
10:04 Feudal Age
10:51 Double-Bit Axe
11:31 Horse Collar
16:23 Forging
18:03 Wheelbarrow
19:02 Scale Barding Armor
24:13 Castle Age
24:10 Bloodlines
25:05 Husbandry
32:40 Iron Casting
32:34 Chain Barding Armor
32:50 Bow Saw
34:12 Nomads
34:51 Hand Cart
38:28 Imperial Age
37:02 Gold Mining
37:04 Stone Mining
38:33 Fletching
38:44 Padded Archer Armor
39:03 Spies/Treason
Connection lost

Rejoining the realm…

Still unreachable

The connection could not be restored.

Session expired

The server has moved on; the page needs a fresh start.